 Dungeon Crawl Stone Soup version 0.31-a0-640-g39d97e502b (webtiles) character file.

Game seed: 12168084132051047917

478 rvierbuc the Trooper (level 6, -12/49 HPs)
             Began as a Demonspawn Cinder Acolyte on Aug 27, 2023.
             Was a High Priest of Ignis.
             Mangled by Edmund
             ... wielding a +0 heavy dire flail
              (14 damage)
             ... on level 4 of the Dungeon.
             The game lasted 00:06:51 (3259 turns).

rvierbuc the Trooper (Demonspawn Cinder Acolyte)    Turns: 3259, Time: 00:06:52

Health: -12/49     AC: 16    Str: 16    XL:     6   Next: 85%
Magic:  7/10       EV:  8    Int: 15    God:    Ignis [*****.]
Gold:   253        SH:  0    Dex: 13    Spells: 9/11 levels left

rFire   + + +        a - -1 hand axe (flame)
rCold   x . .        (no shield)
rNeg    . . .        j - +0 fire dragon scales
rPois   .            k - +0 helmet
rElec   .            (no cloak)
rCorr   .            (no gloves)
SInv    .            (no boots)
Will    .....        (no amulet)
Stlth   ++           (no ring)
HPRegen 0.28/turn    (no ring)
MPRegen 0.12/turn

%: no passive effects
@: fiery-armoured
A: thin skeletal structure 2, powered by death 1, demonic touch 1
a: Renounce Religion, Fiery Armour, Foxfire Swarm, Rising Flame


You were on level 4 of the Dungeon.
You worshipped Ignis.
Ignis was extremely pleased with you.
You visited 1 branch of the dungeon, and saw 4 of its levels.

You collected 253 gold pieces.

Inventory:

Hand Weapons
 a - a -1 hand axe of flaming (weapon)
Missiles
 o - 11 poisoned darts
 w - 3 silver javelins
Armour
 b - a +0 robe
 j - +0 fire dragon scales (worn)
 k - a +0 helmet (worn)
Jewellery
 c - a ring of protection from cold
 g - a ring of resist corrosion
 l - a ring of positive energy
Wands
 p - a wand of flame (14)
Scrolls
 d - 2 scrolls of teleportation {unknown}
 e - 3 scrolls of torment {unknown}
 f - 2 scrolls of identify {unknown}
 h - a scroll of immolation {unknown}
 n - a scroll of poison {unknown}
 q - a scroll of enchant armour {unknown}
 r - a scroll of fear {unknown}
 u - a scroll of blinking {unknown}
Potions
 i - a potion of curing {unknown}
 m - a potion of cancellation {unknown}
 s - 2 potions of attraction {unknown}
 t - a potion of mutation {unknown}
 v - 2 potions of magic {unknown}
 x - a potion of degeneration {unknown}
 z - a potion of berserk rage {unknown}


   Skills:
 + Level 4.6 Fighting
 + Level 4.2 Axes
 + Level 3.3 Spellcasting
 + Level 4.2 Fire Magic


You had 9 spell levels left.
You knew the following spells:

 Your Spells              Type           Power      Damage    Failure   Level
a - Scorch                Fire           30%        2d6       26%         2

Your spell library contained the following spells:

 Spells                   Type           Power      Damage    Failure   Level
 Portal Projectile        Hex/Tloc       4%         N/A       97%         3
 Tukima's Dance           Hex            2%         N/A       97%         3
 Iskenderun's Mystic Bla  Conj/Tloc      2%         2d3       100%        4


Dungeon Overview and Level Annotations

Branches:
Dungeon (4/15)
 Temple: D:4-7

Altars:
Dithmenos
Sif Muna

Annotations:
D:4 Edmund


Innate Abilities, Weirdness & Mutations

You have a moderately thin skeletal structure. (Dex +4, Stealth++)
You regenerate a little health from kills.
Your touch may inflict minor irresistible damage on your foes.


Message History

HP restored.
Found a stone staircase leading down.
Edmund the Younger comes into view.
He is wielding a +0 heavy dire flail and wearing a +1 leather armour of poison resistance.
Found 8 gold pieces.
Found an escape hatch in the ceiling.
Flames lash Edmund.
Edmund shouts!
Edmund is moderately wounded.
Edmund's fire resistance burns away.
You hear a shout!
Flames lash Edmund.
Edmund is burned terribly!
Edmund is moderately wounded.
You hit Edmund. You burn Edmund. Your touch misses Edmund.
Edmund is heavily wounded.
Edmund hits you with a +0 heavy dire flail.
You hit Edmund but do no damage.
Edmund is heavily wounded.
You hit Edmund. You burn Edmund.
Edmund is severely wounded.
Edmund hits you with a +0 heavy dire flail!!
You barely miss Edmund.
Edmund is severely wounded.
Edmund hits you with a +0 heavy dire flail!
Activating: Foxfire Swarm
Press: ? - help, Dir - look around, f - activate
Okay, then.
Okay, then.
A protective cloak of flame settles atop you.
You hit Edmund. You burn Edmund.
Edmund is severely wounded.
Edmund hits you with a +0 heavy dire flail!
* * * LOW HITPOINT WARNING * * *
Edmund is burned terribly!
Edmund is burned by your cloak of flames.
Edmund is almost dead.
You hit Edmund. You burn Edmund.
Edmund is almost dead.
Edmund hits you with a +0 heavy dire flail!
You die...
Edmund says, "I'd like to see a scythe do that!"

########.........
>................ .
########..###......
##....#....<.
######..##.# ....
#......###.##.....
#..#######........#
#....#####..
#.$##.@# #..# ##@#
#..# #.# ..# ... ..
#.## ... ... ...


You could see Edmund (combustible).

Vanquished Creatures
  Sigmund (D:3)
  An ogre (D:4)
  A scorpion (D:4)
  A hound (D:2)
  Terence (D:2)
  4 gnolls (D:2)
  2 adders (D:2)
  A worm (D:3)
  5 dart slugs
  An orc (D:3)
  5 bats
  5 endoplasms
  2 giant cockroaches
  9 goblins
  7 hobgoblins
  4 kobolds
  5 ball pythons
  3 frilled lizards
  6 rats
64 creatures vanquished.

Notes
Turn   | Place    | Note
-------+----------+-------------------------------------------
     0 | D:1      | rvierbuc the Demonspawn Cinder Acolyte began the quest for
                  | the Orb.
     0 | D:1      | Reached XP level 1. HP: 18/18 MP: 2/2
   288 | D:1      | Gained mutation: You regenerate a little health from kills.
                  | [demonic ancestry]
   288 | D:1      | Reached XP level 2. HP: 14/24 MP: 3/3
   441 | D:1      | Learned a level 2 spell: Scorch
  1261 | D:2      | Gained mutation: Your touch may inflict minor irresistible
                  | damage on your foes. [demonic ancestry]
  1261 | D:2      | Reached XP level 3. HP: 4/29 MP: 2/5
  1366 | D:2      | Gained mutation: You have a somewhat thin skeletal
                  | structure. (Dex +2, Stealth+) [demonic ancestry]
  1366 | D:2      | Reached XP level 4. HP: 35/35 MP: 6/6
  2016 | D:2      | Noticed Terence
  2036 | D:2      | Killed Terence
  2037 | D:2      | Reached XP level 5. HP: 36/42 MP: 1/8
  2156 | D:3      | Found a shadowy altar of Dithmenos.
  2918 | D:3      | Noticed Sigmund
  2934 | D:3      | Killed Sigmund
  2935 | D:3      | Gained mutation: You have a moderately thin skeletal
                  | structure. (Dex +4, Stealth++) [demonic ancestry]
  2935 | D:3      | Reached XP level 6. HP: 49/49 MP: 5/10
  2984 | D:3      | Found a shimmering blue altar of Sif Muna.
  3246 | D:4      | Noticed Edmund
  3258 | D:4      | HP: 2/49 [Edmund/+0 heavy dire flail (17)]
  3259 | D:4      | Mangled by Edmund

Illustrated notes

Levels and vault maps discovered:
D:1:      dpeg_arrival_morbid_curiosity, layout_basic
D:2:      layout_basic, uniq_terence
D:3:      minmay_razor_zed, layout_rooms, grunt_dithmenos_smoke_and_mirrors,
          mainiacjoe_overflow_24_doors, minivault_14, uniq_sigmund
D:4:      layout_rooms, goddamned_bats, uniq_crazy_yiuf_cottage, uniq_edmund

Skill      XL: |  1  2  3  4  5 |
---------------+----------------+-----
Fire Magic     | 3 4 |  4.2
Axes           | 3 4 |  4.2
Spellcasting   | 2 3 |  3.3
Fighting       | 4 |  4.6

Action                     |  1- 3 |  4- 6 || total
---------------------------+-------+-------++-------
  Melee: Hand axe          |    86 |    89 ||   175
         Touch             |     3 |    11 ||    14
   Cast: Scorch            |     7 |    14 ||    21
 Invoke: Fiery Armour      |     1 |     1 ||     2
   Stab: Sleeping          |     1 |       ||     1
 Armour: Robe              |    19 |       ||    19
         Fire dragon scale |       |    36 ||    36
  Dodge: Dodged            |    48 |    30 ||    78

Table legend: (Time is in decaauts)
 A = Elapsed time spent in this place.
 B = Non-inter-level travel time spent in this place.
 C = Inter-level travel time spent in this place.
 D = Time resting spent in this place.
 E = Time spent auto-exploring this place.
 F = Levels seen in this place.
 G = Mean time per level.
                   A        B        C        D        E       F      G
               +--------+--------+--------+--------+--------+-----+--------+
         Total |   3282 |   3192 |     90 |      0 |   2728 |   4 |  820.5 |
       Dungeon |   3282 |   3192 |     90 |      0 |   2728 |   4 |  820.5 |
               +--------+--------+--------+--------+--------+-----+--------+

Top non-repeatable levels by time:
     D:1: 1116 daAuts
     D:2: 1051 daAuts
     D:3: 967 daAuts
     D:4: 147 daAuts
